 Dungeon Crawl Stone Soup version 0.20.2-3-g29329e0561 (webtiles) character file.

176 Alfie the Shield-Bearer (level 5, -3/46 HPs)
             Began as a Hill Orc Fighter on Feb 7, 2023.
             Slain by Alfie's ghost (7 damage)
             ... on level 3 of the Dungeon.
             The game lasted 00:05:27 (1453 turns).

Alfie the Shield-Bearer (Hill Orc Fighter)          Turns: 1453, Time: 00:05:27

Health: -3/46      AC:  7    Str: 25    XL:     5   Next: 56%
Magic:  5/5        EV:  8    Int:  8    God:
Gold:   163        SH: 10    Dex: 10    Spells: 4/4 levels left

rFire    + . .     SeeInvis .   a - +0 rapier
rCold    + . .     Gourm    .   c - +0 shield
rNeg     . . .     Faith    .   b - +0 scale mail
rPois    .         Spirit   .   (no helmet)
rElec    .         Reflect  .   r - scarf {rC+ rF+}
rCorr    .         Harm     .   (no gloves)
MR       .....                  (no boots)
Stlth    ..........             (no amulet)
Regen    0.2/turn               (no ring)
MPRegen  0.1/turn               (no ring)

@: mighty
A: no striking features
a: no special abilities


You were on level 3 of the Dungeon.
You were not hungry.

You visited 1 branch of the dungeon, and saw 3 of its levels.

You collected 163 gold pieces.

Inventory:

Hand Weapons
 a - a +0 rapier (weapon)
Armour
 b - a +0 scale mail (worn)
 c - a +0 shield (worn)
 r - a scarf of resistance (worn)
Wands
 w - a wand of paralysis (11/24)
Scrolls
 h - 2 scrolls of recharging {unknown}
 n - a scroll of identify {unknown}
 s - 2 scrolls of remove curse {unknown}
 t - 2 scrolls of amnesia {unknown}
 u - a scroll of magic mapping {unknown}
 x - a scroll of fog {unknown}
Potions
 g - a potion of mutation {unknown}
 i - a potion of agility {unknown}
 j - 3 potions of lignification {unknown}
 l - a potion of degeneration {unknown}
 m - 2 potions of curing {unknown}
 o - a potion of heal wounds
 p - a potion of ambrosia {unknown}
Comestibles
 f - 4 bread rations
 k - 3 fruits
 q - a royal jelly
 v - 6 chunks of flesh


   Skills:
 + Level 4.0 Fighting
 + Level 3.7 Short Blades
 + Level 3.7 Armour
 + Level 1.1 Dodging
 + Level 0.3 Stealth
 + Level 4.5 Shields


You had 4 spell levels left.
You didn't know any spells.

Dungeon Overview and Level Annotations

Branches:
Dungeon (3/15)

Altars:
Okawaru
Zin

Annotations:
D:3 Alfie's ghost, amateur HOFi


Message History

Alfie's ghost is moderately damaged.
The bat hits you but does no damage. You block Alfie's ghost's attack.
You closely miss Alfie's ghost.
Alfie's ghost is moderately damaged.
You block Alfie's ghost's attack. The bat hits you but does no damage.
You block Alfie's ghost's attack.
You puncture Alfie's ghost!
Alfie's ghost is severely damaged.
The bat hits you but does no damage. You block Alfie's ghost's attack.
You hit Alfie's ghost.
Alfie's ghost is almost destroyed.
The bat hits you but does no damage. Alfie's ghost closely misses you.
You puncture Alfie's ghost!
Alfie's ghost is almost destroyed.
You block the bat's attack.
Alfie's ghost hits you but does no damage.
You hit Alfie's ghost but do no damage.
Alfie's ghost is almost destroyed.
You block the bat's attack. Alfie's ghost hits you!
You die...

......#.#......
......#.#.....#
......#...?...
............####
...............
########...#............
..........##..........).
..........##...Wb.......
..........##....@...###+
#.[..>.....#........#
#...................###
.......................
............#...........
.......<#...............
........#............###
........#.†..##.#############
........#.†..##.####.........


You could see Alfie's ghost and a bat.

Vanquished Creatures
  Jessica (D:2)
  4 gnolls (D:3)
  5 adders
  3 oozes
  3 leopard geckos
  A giant cockroach (D:2)
  7 goblins
  3 hobgoblins
  4 jackals (D:2)
  6 kobolds
  A quokka (D:2)
  A ball python (D:2)
  6 bats
  10 frilled lizards
  3 rats
58 creatures vanquished.

Notes
Turn   | Place    | Note
-------+----------+-------------------------------------------
     0 | D:1      | Alfie the Hill Orc Fighter began the quest for the Orb.
     0 | D:1      | Reached XP level 1. HP: 19/19 MP: 1/1
   116 | D:1      | Reached XP level 2. HP: 23/27 MP: 2/2
   370 | D:1      | Reached XP level 3. HP: 33/33 MP: 3/3
   485 | D:2      | Found a faded altar of an unknown god.
   627 | D:2      | Noticed an angel
   631 | D:2      | Found a glowing silver altar of Zin.
   666 | D:2      | Noticed Jessica
   681 | D:2      | Killed Jessica
   681 | D:2      | Reached XP level 4. HP: 34/40 MP: 4/4
  1003 | D:2      | Reached skill level 1 in Dodging
  1149 | D:2      | Found an iron altar of Okawaru.
  1210 | D:3      | Reached XP level 5. HP: 45/46 MP: 5/5
  1435 | D:3      | Noticed Alfie's ghost (amateur HOFi)
  1453 | D:3      | Slain by Alfie's ghost

Skill      XL: |  1  2  3  4  5 |
---------------+----------------+-----
Shields        | 4 |  4.5
Short Blades   | 3 |  3.7
Dodging        | 1 |  1.1
Fighting       | 4 |  4.0
Armour         | |  3.7
Stealth        | |  0.3

Action                   |  1- 3 |  4- 6 || total
-------------------------+-------+-------++-------
Melee: Rapier            |   114 |   103 ||   217
  Use: Scroll            |       |     3 ||     3
       Potion            |       |     2 ||     2
  Eat: Royal jelly       |       |     1 ||     1
Armor: Scale mail        |    44 |    53 ||    97
Dodge: Dodged            |    33 |    34 ||    67
Block: Shield            |    54 |    64 ||   118
